 Dungeon Crawl Stone Soup version 0.28-a0-1613-gdaab1c2f9b (webtiles) character file.

Game seed: 5879589060770101852

161 ragingrage the Charlatan (level 5, -19/32 HPs)
             Began as a Gargoyle Artificer on Jan 22, 2022.
             Engulfed by a cloud of flame (22 damage)
             ... on level 4 of the Dungeon.
             The game lasted 00:03:35 (2864 turns).

ragingrage the Charlatan (Gargoyle Artificer)       Turns: 2864, Time: 00:03:35

Health: -19/32     AC: 15    Str: 17    XL:     5   Next: 42%
Magic:  5/5        EV:  9    Int: 12    God:
Gold:   207        SH:  0    Dex: 13    Spells: 4/4 levels left

rFire   . . .      SeeInvis .   n - +0 war axe
rCold   + . .      Faith    .   (no shield)
rNeg    + . .      Spirit   .   o - +4 scale mail "Cocumeh" {*Corrode rC+ Will+ Dex+3}
rPois   ∞          Reflect  .   (no helmet)
rElec   +          Harm     .   (no cloak)
rCorr   .          Rampage  .   (no gloves)
Will    +....                   l - +0 pair of boots
Stlth   ..........              (no amulet)
HPRegen 0.10/turn               (no ring)
MPRegen 0.09/turn               (no ring)

@: no status effects
A: sickness immunity, AC +4, negative energy resistance 1, electricity
resistance, torment resistance 1, petrification resistance
a: no special abilities


You were on level 4 of the Dungeon.
You visited 1 branch of the dungeon, and saw 4 of its levels.

You collected 207 gold pieces.

Inventory:

Hand Weapons
 k - a +0 short sword
 n - a +0 war axe (weapon)
Missiles
 g - 2 poisoned darts
Armour
 l - a +0 pair of boots (worn)
 o - the +4 scale mail "Cocumeh" (worn) {*Corrode rC+ Will+ Dex+3}
   (You found it on level 2 of the Dungeon)

   Dex:       It affects your dexterity (+3).
   rC:        It protects you from cold.
   *Corrode:  It may corrode you when you take damage.
   Will:      It increases your willpower.
Wands
 c - a wand of flame (13) (quivered)
 d - a wand of charming (14)
Scrolls
 b - a scroll of identify
Potions
 a - a potion of flight {unknown}
 f - a potion of resistance {unknown}
 j - a potion of attraction {unknown}
Miscellaneous
 e - a piece from Xom's chessboard (15/15)


   Skills:
 - Level 3.0 Fighting
 + Level 1.9 Axes
 - Level 2.1 Armour
 - Level 0.7 Dodging
 - Level 1.1 Stealth
 + Level 4.2 Evocations


You had 4 spell levels left.
You didn't know any spells.
Your spell library was empty.

Dungeon Overview and Level Annotations

Branches:
Dungeon (4/15)
 Temple: D:4-7

Altars:
Beogh


Innate Abilities, Weirdness & Mutations

You are immune to sickness and miasma.
Your stone body is resilient. (AC +4)
You are immune to poison.
You resist negative energy. (rN+)
You are resistant to electric shocks. (rElec)
You are resistant to unholy torment.
You are immune to petrification.


Message History

Aiming: Throw Flame
Press: ? - help, Q - select action, (/) - cycle Shift-Dir - straight line, f - necrophage
Aim: a necrophage (inner flame, 71% to hit)
Okay, then.
Aiming: Throw Flame
Press: ? - help, Q - select action, (/) - cycle Shift-Dir - straight line, f - orc wizard
Aim: an orc wizard, wielding a +0 dagger and wearing a +0 robe (64% to hit)
The puff of flame misses the orc wizard.
You now have 160 gold pieces (gained 17).
You see here a scroll of identify.
b - a scroll of identify The orc wizard gestures at you while chanting.
The magic dart hits you.
You see here 24 gold pieces.
You now have 184 gold pieces (gained 24).
Okay, then.
Aiming: Throw Flame
Press: ? - help, Q - select action, (/) - cycle Shift-Dir - straight line, f/p - orc wizard
Aim: an orc wizard, wielding a +0 dagger and wearing a +0 robe (64% to hit)
The puff of flame hits the orc wizard.
The orc wizard is moderately wounded.
The orc wizard mumbles some strange words.
The orc wizard flickers and vanishes!
Really walk into a travel-excluded area?
You start resting.
A hobgoblin is nearby!
You see here 23 gold pieces.
You now have 207 gold pieces (gained 23).
Really walk into a travel-excluded area? [Y]es or [N]o only, please.
Really walk into a travel-excluded area?
Uppercase [Y]es or [N]o only, please.
Really walk into a travel-excluded area?
You are engulfed in blazing flames.
Ouch! That really hurt!
You are engulfed in blazing flames.
* * * LOW HITPOINT WARNING * * *
You are engulfed in blazing flames.
Ouch! That really hurt!
You die...

#°☼☼# #..)# #...
######..[######...#
#...
#.§§§.....○.§.#...#
#(..
#..○○...|.§○§.#...#
#...
#.§§☼......○§g..
######...#####.#
#§○°# # #§°§# #§@☼#
#...# ##.... ######


There were no monsters in sight!

Vanquished Creatures
  An ogre (D:4)
  3 adders
  2 worms (D:2)
  2 dart slugs
  3 ball pythons
  8 bats
  2 endoplasms
  2 giant cockroaches
  3 goblins (D:1)
  4 hobgoblins
  A quokka (D:2)
  A frilled lizard (D:1)
  4 kobolds
  3 rats
39 creatures vanquished.

Vanquished Creatures (others)
  An adder skeleton (D:4)
  A goblin (D:2)
2 creatures vanquished.

Grand Total: 41 creatures vanquished

Notes
Turn   | Place    | Note
-------+----------+-------------------------------------------
     0 | D:1      | ragingrage the Gargoyle Artificer began the quest for the
                  | Orb.
     0 | D:1      | Reached XP level 1. HP: 12/12 MP: 1/1
   298 | D:1      | Reached skill level 3 in Evocations
   298 | D:1      | Reached XP level 2. HP: 17/17 MP: 2/2
  1217 | D:1      | Found a faded altar of an unknown god.
  1608 | D:2      | Reached XP level 3. HP: 14/21 MP: 3/3
  2303 | D:2      | Reached XP level 4. HP: 26/28 MP: 4/4
  2458 | D:2      | Identified the +4 scale mail "Cocumeh" {*Corrode rC+ Will+
                  | Dex+3}
  2705 | D:3      | Noticed a phantom
  2736 | D:4      | Noticed a necrophage
  2760 | D:4      | Noticed an ogre
  2786 | D:4      | Killed an ogre
  2787 | D:4      | Reached skill level 1 in Axes
  2787 | D:4      | Reached skill level 4 in Evocations
  2787 | D:4      | Reached XP level 5. HP: 23/32 MP: 5/5
  2864 | D:4      | Engulfed by a cloud of flame

Illustrated notes

Levels and vault maps discovered:
D:1:      grunt_arrival_lava_bath, layout_loops_corners,
          hellmonk_ecumenical_altar_defaced_shrine
D:2:      minmay_spotlight, layout_rooms
D:3:      layout_basic
D:4:      layout_basic, minmay_temple_entry_crystal_x, lemuel_flame_loot_1,
          uniq_ijyb

Skill      XL: |  1  2  3  4 |
---------------+-------------+-----
Evocations     | 3 4 |  4.2
Fighting       | 2 3 |  3.0
Axes           | 1 |  1.9
Armour         | |  2.1
Dodging        | |  0.7
Stealth        | |  1.1

Action                   |  1- 3 |  4- 6 || total
-------------------------+-------+-------++-------
Melee: Club              |    61 |       ||    61
       Punch             |     3 |       ||     3
       Short sword       |    67 |       ||    67
       War axe           |       |    20 ||    20
Evoke: Wand              |     1 |     2 ||     3
  Use: Scroll            |       |     4 ||     4
Armor: Leather armour    |    49 |       ||    49
       Ring mail         |    15 |     3 ||    18
       Scale mail        |       |    10 ||    10
Dodge: Dodged            |    88 |    20 ||   108

Table legend: (Time is in decaauts)
 A = Elapsed time spent in this place.
 B = Non-inter-level travel time spent in this place.
 C = Inter-level travel time spent in this place.
 D = Time resting spent in this place.
 E = Time spent auto-exploring this place.
 F = Levels seen in this place.
 G = Mean time per level.
                   A        B        C        D        E       F      G
               +--------+--------+--------+--------+--------+-----+--------+
         Total |   2899 |   2624 |    275 |    867 |   1227 |   4 |  724.8 |
       Dungeon |   2899 |   2624 |    275 |    867 |   1227 |   4 |  724.8 |
               +--------+--------+--------+--------+--------+-----+--------+

Top non-repeatable levels by time:
     D:1: 1740 daAuts
     D:2: 949 daAuts
     D:4: 139 daAuts
     D:3: 69 daAuts
